 Dungeon Crawl Stone Soup version 0.17-a0-1701-gf693a3f (webtiles) character file.

4484 shakdrar the Blocker (level 10, -6/76 HPs)
             Began as a Demonspawn Abyssal Knight on Aug 21, 2015.
             Was an Elder of Lugonu.
             Mangled by a crocodile (18 damage)
             ... on level 8 of the Dungeon.
             The game lasted 00:32:57 (8077 turns).

shakdrar the Blocker (Demonspawn Abyssal Knight)    Turns: 8077, Time: 00:32:58

Health: -6/76      AC:  9    Str: 15    XL:     10   Next: 16%
Magic:  13/13      EV:  8    Int: 13    God:    Lugonu [****..]
Gold:   373        SH: 18    Dex: 14    Spells: 0 memorised, 9 levels left

rFire  + . .     SeeInvis .     o - +3 trident (pierce)
rCold  + . .     Clarity  .     w - +2 leather armour {rF+}
rNeg   + . .     SustAt   .     m - +0 large shield
rPois  .         Gourm    .     (helmet restricted)
rElec  .         Spirit   .     g - +1 cloak
rCorr  .         Warding  .     (no gloves)
rMut   .         Stasis   .     (no boots)
MR     +....                    (no amulet)
Stlth  +.........               n - ring of protection from cold
                                r - ring of positive energy

@: somewhat resistant to hostile enchantments, very unstealthy
A: antennae 1, talons 2, large bone plates 1, magic resistance 1, spiny 1, rot
immunity
a: Depart the Abyss, Bend Space, Banish, Corrupt, Renounce Religion


You were on level 8 of the Dungeon.
You worshipped Lugonu.
Lugonu was greatly pleased with you.
You were not hungry.

You visited 2 branches of the dungeon, and saw 9 of its levels.
You visited the Abyss 1 time.

You collected 373 gold pieces.

Inventory:

Hand weapons
 a - a +1 spear
 k - a +0 blowgun
 o - a +3 trident of piercing (weapon)
Missiles
 l - 40 poisoned needles
Armour
 b - a +1 leather armour
 g - a +1 cloak (worn)
 m - a +0 large shield (worn)
 w - a +2 leather armour of fire resistance (worn)
Jewellery
 d - an uncursed ring of protection from fire
 n - a ring of protection from cold (right hand)
 r - a ring of positive energy (left hand)
Magical devices
 j - a wand of frost (6)
 q - a wand of flame (12)
 t - a wand of hasting (7)
Scrolls
 e - 2 scrolls of identify
 h - 3 scrolls of remove curse
 p - a scroll of enchant armour
 s - a scroll of recharging
Potions
 f - a potion of curing
 u - a potion of cancellation
 v - a potion of mutation
Comestibles
 c - a bread ration
 i - a fruit
 x - 5 chunks of flesh


   Skills:
 - Level 6.0 Fighting
 - Level 6.3 Polearms
 - Level 1.7 Armour
 - Level 0.8 Dodging
 - Level 10.0 Shields
 - Level 3.3 Invocations
 + Level 4.9 Evocations


You had 9 spell levels left.
You didn't know any spells.

Dungeon Overview and Level Annotations

Branches:
Dungeon (8/15)             Temple (1/1) D:6
   Lair: D:8-11

Altars:
Fedhas
Makhleb
Nemelex Xobeh
Zin

Shops:
D:7 [


Innate Abilities, Weirdness & Mutations

You have razor-sharp toenails.
You are partially covered in large bone plates (AC +2, SH +2).
You are partially covered in sharp spines.
You are immune to rotting.
You have a pair of small antennae on your head.
You are resistant to hostile enchantments.


Message History

You puncture the yak! You claw the yak, but do no damage.
The yak is severely wounded.
The yak is struck by your spines. The yak gores you.
* * * LOW HITPOINT WARNING * * *
A crocodile comes into view.
You barely miss the yak. Your kick misses the yak.
The yak is almost dead.
The yak closely misses you.
You puncture the yak!
You kill the yak!
Lugonu accepts your kill.
You start resting.
Wield which item (- for none, * to show all)? (? for menu, Esc to quit)
Okay, then.
Drink which item? (? for menu, Esc to quit)
It was a potion of mutation.
You feel extremely strange.
You feel resistant to hostile enchantments.
You closely miss the crocodile. The crocodile is struck by your spines.
The crocodile bites you!!
You die...

#...†......((##..##
.#####...†........<..#
.......?.............##
......................#
........Y..)..........#
......................#
.......####.#.........#
.(..... ###t#.........#
....... #.@....[.)...##
########......#.....##
#......####### #......#
##....## ######


You could see a crocodile.

Vanquished Creatures
  A hill giant (D:6)
  The ghost of shakdrar the Insei, an experienced OpMo of Okawaru (D:5)
  Prince Ribbit (D:6)
  Eustachio (D:6)
  A yak (D:8)
  Menkaure (D:6)
  2 ice beasts
  2 phantoms
  2 sky beasts
  2 necrophages (D:8)
  2 ogres
  3 centaurs
  A crocodile (D:8)
  2 black bears
  Blork the orc (D:6)
  5 giant frogs
  A wyvern skeleton (D:7)
  4 killer bees (D:7)
  3 scorpions
  2 wights (D:6)
  2 crimson imps
  3 hounds
  A giant frog skeleton (D:6)
  2 jellies
  3 orc priests
  2 centaur skeletons
  5 iguanas
  5 orc wizards
  3 worker ants
  2 killer bee zombies
  A worker ant zombie (D:8)
  7 adders
  3 river rats (D:8)
  A shadow imp (D:8)
  2 oozes
  5 worms
  2 giant geckos (D:2)
  21 orcs
  7 bats
  8 giant cockroaches
  6 hobgoblins
  12 jackals
  7 quokkas
  A ball python (D:1)
  10 giant newts
  7 goblins
  10 kobolds
  A quokka zombie (D:5)
  5 rats
182 creatures vanquished.

Vanquished Creatures (others)
  A fungus (D:8)
  7 plants (D:8)
8 creatures vanquished.

Grand Total: 190 creatures vanquished

Notes
Turn   | Place    | Note
--------------------------------------------------------------
     0 | Abyss:1  | shakdrar the Demonspawn Abyssal Knight began the quest for the Orb.
     0 | Abyss:1  | Reached XP level 1. HP: 18/18 MP: 2/2
     0 | Abyss:1  | Found a corrupted altar of Lugonu.
    18 | Abyss:1  | Found a corrupted altar of Lugonu.
    51 | Abyss:1  | Found a corrupted altar of Lugonu.
    88 | Abyss:1  | Noticed a vampire
    89 | D:1      | Escaped the Abyss
   182 | D:1      | Gained mutation: You are partially covered in large bone plates (AC +2, SH +2). [demonic ancestry]
   182 | D:1      | Reached XP level 2. HP: 5/24 MP: 4/4
   214 | D:1      | Acquired Lugonu's first power
   946 | D:1      | Gained mutation: You are partially covered in sharp spines. [demonic ancestry]
   946 | D:1      | Reached XP level 3. HP: 27/29 MP: 5/5
  1511 | D:2      | Found a burning altar of Makhleb.
  1516 | D:2      | Found a sparkling altar of Nemelex Xobeh.
  1767 | D:2      | Gained mutation: You have sharp toenails. [demonic ancestry]
  1767 | D:2      | Reached XP level 4. HP: 33/37 MP: 6/6
  1899 | D:3      | Acquired Lugonu's second power
  1948 | D:3      | Reached skill level 4 in Fighting
  1968 | D:3      | Noticed a phantom
  1998 | D:3      | Killed a phantom
  1998 | D:3      | Reached XP level 5. HP: 28/43 MP: 7/7
  2127 | D:3      | Found a faded altar to an unknown god.
  2195 | D:3      | Found a blossoming altar of Fedhas.
  2600 | D:3      | Reached skill level 5 in Fighting
  2610 | D:3      | Found a burning altar of Makhleb.
  2908 | D:4      | Gained mutation: You are immune to rotting. [demonic ancestry]
  2908 | D:4      | Reached XP level 6. HP: 51/51 MP: 8/8
  2927 | D:4      | Noticed a phantom
  2971 | D:4      | Killed a phantom
  3198 | D:4      | Acquired Lugonu's third power
  3238 | D:4      | Noticed an ogre
  3247 | D:4      | Killed an ogre
  3247 | D:4      | Reached skill level 6 in Fighting
  3247 | D:4      | Reached XP level 7. HP: 18/58 MP: 9/9
  3650 | D:4      | Reached skill level 5 in Polearms
  3979 | D:5      | Entered Level 5 of the Dungeon
  4050 | D:5      | Noticed shakdrar's ghost (experienced OpMo)
  4063 | D:5      | Killed shakdrar's ghost
  4182 | D:5      | Gained mutation: You have a pair of small antennae on your head. [potion of beneficial mutation]
  4211 | D:5      | Reached skill level 1 in Shields
  4768 | D:5      | Reached XP level 8. HP: 28/64 MP: 10/10
  4985 | D:5      | You fall through a shaft for 3 floors!
  5289 | D:7      | Found Giled's Antique Armour Boutique.
  5448 | D:7      | Reached skill level 5 in Shields
  5622 | D:6      | Noticed Eustachio
  5643 | D:6      | Killed Eustachio
  5798 | D:6      | Acquired Lugonu's fourth power
  5903 | D:6      | Reached skill level 7 in Shields
  6149 | D:6      | Gained mutation: You have razor-sharp toenails. [demonic ancestry]
  6149 | D:6      | Reached XP level 9. HP: 59/69 MP: 11/11
  6259 | D:6      | Noticed Menkaure
  6260 | D:6      | Found a staircase to the Ecumenical Temple.
  6268 | D:6      | Killed Menkaure
  6517 | D:6      | Noticed Prince Ribbit
  6524 | D:6      | Killed Prince Ribbit
  6524 | D:6      | Reached skill level 8 in Shields
  6797 | D:6      | Noticed Blork the orc
  6803 | D:6      | Killed Blork the orc
  7008 | Temple   | Entered the Ecumenical Temple
  7081 | D:7      | Noticed a hill giant
  7091 | D:6      | Killed a hill giant
  7091 | D:6      | Reached skill level 9 in Shields
  7537 | D:7      | Reached skill level 10 in Shields
  7670 | D:7      | Reached skill level 1 in Evocations
  7827 | D:7      | Reached XP level 10. HP: 62/76 MP: 12/12
  8076 | D:8      | Gained mutation: You are resistant to hostile enchantments. [potion of mutation]
  8077 | D:8      | Mangled by a crocodile

Vault maps used:
D:1:      minmay_arrival_nine_rooms
D:2:      grunt_temple_overflow_open, first_bread
D:3:      kennysheep_big_flooded_room, fedhas_altar_3, ecumenical_altar_2,
          minivault_23, wad_woods_river_04, makhleb_blood_cavern_becter
D:6:      minmay_temple_entry_junction, solitary_fountain, grunt_ministairs_9,
          uniq_menkaure, uniq_prince_ribbit1, uniq_eustachio, uniq_blork_the_orc
D:7:      nicolae_ossuary_entry_false_entrances, serial_shops,
          nicolae_shop_crystal
D:8:      minmay_lair_entry_grove
Temple:   nicolae_temple_elliptical

Action                   |  1- 3 |  4- 6 |  7- 9 | 10-12 || total
-------------------------+-------+-------+-------+-------++-------
Melee: Spear             |   120 |    83 |       |       ||   203
       Trident           |       |    41 |   291 |    58 ||   390
Invok: Depart the Abyss  |     1 |       |       |       ||     1
Evoke: Wand              |       |     2 |     5 |       ||     7
  Use: Scroll            |     6 |     4 |     9 |       ||    19
       Potion            |     2 |     1 |     6 |     1 ||    10
 Stab: Sleeping          |       |       |     3 |       ||     3
  Eat: Beef jerky        |     2 |       |       |       ||     2
       Chunk             |       |     1 |     5 |     1 ||     7
       Bread ration      |       |     1 |     1 |       ||     2
       Meat ration       |       |       |     1 |       ||     1
